 Dungeon Crawl Stone Soup version 0.26-a0-812-g31a745ddcd (webtiles) character file.

Game seed: 11314549865113664743

195 tilp the Ruffian (level 5, 0/49 HPs)
             Began as an Ogre Transmuter on Dec 8, 2020.
             Was an Initiate of the Shining One.
             Slain by a worker ant (5 damage)
             ... on level 4 of the Dungeon.
             The game lasted 00:05:03 (4696 turns).

tilp the Ruffian (Ogre Transmuter)                  Turns: 4696, Time: 00:05:03

Health: 0/49       AC:  4    Str: 14    XL:     5   Next: 74%
Magic:  9/10       EV: 10    Int: 15    God:    the Shining One [......]
Gold:   123        SH:  5    Dex:  9    Spells: 5/11 levels left

rFire    . . .     SeeInvis .     - Unarmed
rCold    . . .     Faith    .   (no shield)
rNeg     . . .     Spirit   .   a - +1 robe
rPois    .         Reflect  +   (helmet currently unavailable)
rElec    .         Harm     .   (no cloak)
rCorr    .         Rampage  .   (gloves unavailable)
MR       .....                  (boots unavailable)
Stlth    +.........             d - amulet of reflection
HPRegen  0.16/turn              (no ring)
MPRegen  0.12/turn              (no ring)

@: lethally poisoned (0 -> -4), appendages (expiring), wereblooded, glowing
A: large, unfitting armour, horns 2, talons 2, tough skin 1
a: End Transformation, Renounce Religion


You were on level 4 of the Dungeon.
You worshipped the Shining One.
The Shining One was noncommittal.
You had grown temporary horns.
You had grown temporary talons.
You visited 1 branch of the dungeon, and saw 4 of its levels.

You collected 123 gold pieces.

Inventory:

Missiles
 f - 13 poisoned darts (quivered)
 j - 8 boomerangs
Armour
 a - a +1 robe (worn)
Jewellery
 d - an amulet of reflection (around neck)
Wands
 i - a wand of digging (7)
 m - a wand of iceblast (10)
Scrolls
 b - 5 scrolls of enchant armour
 c - a scroll of teleportation
 e - a scroll of remove curse
 k - 2 scrolls of magic mapping
 l - a scroll of immolation {unknown}
 n - a scroll of identify
 o - a scroll of amnesia {unknown}
Potions
 g - a potion of lignification
 h - 3 potions of curing


   Skills:
 - Level 2.0 Fighting
 - Level 1.7 Dodging
 + Level 4.5 Unarmed Combat
 + Level 3.5 Spellcasting
 + Level 2.8 Transmutations


You had 5 spell levels left.
You knew the following spells:

 Your Spells              Type           Power        Failure   Level
a - Beastly Appendage     Tmut           ##....       6%          1
b - Wereblood             Tmut           ##......     9%          2
c - Spider Form           Tmut/Pois      #.........   30%         3

Your spell library contained the following spells:

 Spells                   Type           Power        Failure   Level
 Ice Form                 Ice/Tmut       #.......     71%         4
 Blade Hands              Tmut           ##........   85%         5


Dungeon Overview and Level Annotations

Branches:
Dungeon (4/15)
 Temple: D:4-7

Altars:
Makhleb
Ru
The Shining One


Innate Abilities, Weirdness & Mutations

You are too large for most types of armour.
You have tough skin. (AC +1)
You have a pair of horns on your head.
You have razor-sharp toenails.


Message History

Unknown command.
You hit the orc priest. Your punch misses the orc priest.
The orc priest is lightly wounded.
You feel sick. You block the worker ant's attack.
Unknown command.
You hit the worker ant.
The worker ant is heavily wounded.
The worker ant bites you.
* * * LOW HITPOINT WARNING * * *
Unknown command.
You hit the worker ant but do no damage.
The worker ant is heavily wounded.
You howl as the wereblood boils in your veins!
You feel sick. The worker ant bites you!
* * * LOW HITPOINT WARNING * * *
Unknown command.
You punch the worker ant! Your headbutt misses the worker ant.
The worker ant is almost dead.
The worker ant bites you.
You die... ##..# ##.# #.# #.# #†# #.# . #.# .. #.## oB.

#o@# ..o.
#oB####o..#
#.o.#....#
##......#
##....##
######


You could see a worker ant, an orc priest and 2 orcs.

Vanquished Creatures
  An orc priest (D:3)
  Natasha (D:4)
  6 adders
  3 worms
  4 dart slugs
  4 leopard geckos
  8 orcs
  4 bats (D:1)
  3 giant cockroaches
  6 goblins
  4 hobgoblins
  4 jackals (D:4)
  2 kobolds (D:3)
  3 frilled lizards
  A leopard gecko zombie (D:3)
  5 rats
59 creatures vanquished.

Vanquished Creatures (others)
  A plant (D:2)
1 creature vanquished.

Grand Total: 60 creatures vanquished

Notes
Turn   | Place    | Note
-------+----------+-------------------------------------------
     0 | D:1      | tilp the Ogre Transmuter began the quest for the Orb.
     0 | D:1      | Reached XP level 1. HP: 19/19 MP: 3/3
   241 | D:1      | Reached XP level 2. HP: 9/28 MP: 5/5
   245 | D:1      | Learned a level 2 spell: Wereblood
   473 | D:1      | Reached skill level 3 in Unarmed Combat
   612 | D:1      | You fall into a shaft and drop 1 floor!
   702 | D:1      | Found a glowing golden altar of the Shining One.
   728 | D:1      | Became a worshipper of the Shining One
   991 | D:1      | Reached XP level 3. HP: 32/35 MP: 4/6
  2080 | D:2      | Found a sacrificial altar of Ru.
  2128 | D:2      | Reached skill level 4 in Unarmed Combat
  2154 | D:2      | Reached XP level 4. HP: 37/42 MP: 5/7
  2796 | D:3      | Learned a level 3 spell: Spider Form
  3635 | D:3      | Reached XP level 5. HP: 49/49 MP: 7/9
  3686 | D:3      | Found a burning altar of Makhleb.
  4583 | D:4      | Noticed Natasha
  4595 | D:4      | Killed Natasha
  4696 | D:4      | Slain by a worker ant

Illustrated notes

Levels and vault maps discovered:
D:1:      psy_arrival_wood_between_worlds, layout_loops_cross,
          minmay_misc_feat_rows, tso_metal_star
D:2:      layout_basic, nicolae_ru_the_path_less_chosen
D:3:      layout_loops_corners, bloody_makhleb
D:4:      layout_layer_cave, gammafunk_temple_overflow_statue, uniq_natasha

Skill      XL: |  1  2  3  4 |
---------------+-------------+-----
Transmutations | 2 |  2.8
Fighting       | 2 |  2.0
Unarmed Combat | 3 4 |  4.5
Spellcasting   | 3 |  3.5
Dodging        | |  1.7

Action                   |  1- 3 |  4- 6 || total
-------------------------+-------+-------++-------
Melee: Unarmed           |   132 |   153 ||   285
       Headbutt          |    13 |    10 ||    23
       Kick              |     9 |     9 ||    18
       Punch             |     1 |     1 ||     2
Throw: Dart              |     5 |     1 ||     6
 Cast: Beastly Appendage |    17 |    14 ||    31
       Wereblood         |       |     4 ||     4
  Use: Scroll            |       |     8 ||     8
Armor: Robe              |    42 |    27 ||    69
Dodge: Dodged            |    78 |    57 ||   135
Block: Other             |       |    28 ||    28

Table legend: (Time is in decaauts)
 A = Elapsed time spent in this place.
 B = Non-inter-level travel time spent in this place.
 C = Inter-level travel time spent in this place.
 D = Time resting spent in this place.
 E = Time spent auto-exploring this place.
 F = Levels seen in this place.
 G = Mean time per level.
                   A        B        C        D        E       F      G
               +--------+--------+--------+--------+--------+-----+--------+
         Total |   4678 |   4519 |    159 |   1001 |   2994 |   4 | 1169.5 |
       Dungeon |   4678 |   4519 |    159 |   1001 |   2994 |   4 | 1169.5 |
               +--------+--------+--------+--------+--------+-----+--------+

Top non-repeatable levels by time:
     D:3: 1815 daAuts
     D:2: 1572 daAuts
     D:1: 1180 daAuts
     D:4: 111 daAuts
